 Dungeon Crawl Stone Soup version 0.23-a0-419-g0174fd8 (webtiles) character file.

52 AymanAU the Chopper (level 3, 0/31 HPs)
             Began as a Minotaur Fighter on Nov 13, 2018.
             Slain by an adder (2 damage)
             ... on level 2 of the Dungeon.
             The game lasted 00:02:24 (1363 turns).

AymanAU the Chopper (Minotaur Fighter)              Turns: 1363, Time: 00:02:24

Health: 0/31       AC:  6    Str: 26    XL:     3   Next: 60%
Magic:  2/2        EV: 10    Int:  5    God:
Gold:   72         SH:  9    Dex:  9    Spells: 2/2 levels left

rFire    + . .     SeeInvis .   a - +0 war axe
rCold    + . .     Gourm    .   c - +0 shield
rNeg     . . .     Faith    .   w - +0 scale mail
rPois    +         Spirit   .   (helmet restricted)
rElec    +         Reflect  .   (no cloak)
rCorr    +         Harm     .   (no gloves)
MR       .....                  (no boots)
Stlth    +.........             (no amulet)
HPRegen  0.10/turn              e - ring of stealth
MPRegen  0.08/turn              h - +3 ring of evasion

@: mighty, lethally poisoned (0 -> -7), resistant
A: retaliatory headbutt, horns 2
a: no special abilities


You were on level 2 of the Dungeon.
You were hungry.

You visited 1 branch of the dungeon, and saw 2 of its levels.

You collected 72 gold pieces.

Inventory:

Hand Weapons
 a - a +0 war axe (weapon)
 b - a +0 hunting sling
Missiles
 j - 7 curare-tipped needles
 k - 12 arrows
 m - 17 bolts
 o - 41 sling bullets
 Z - 51 stones (quivered)
Armour
 c - a +0 shield (worn)
 w - a +0 scale mail (worn)
Jewellery
 e - a ring of stealth (left hand)
 h - a +3 ring of evasion (right hand)
 u - an uncursed ring of flight
Scrolls
 f - a scroll of fear {unknown}
 g - a scroll of enchant weapon {unknown}
 i - 3 scrolls of teleportation {unknown}
 l - a scroll of immolation {unknown}
 q - a scroll of random uselessness {unknown}
 r - a scroll of blinking {unknown}
 s - a scroll of remove curse {unknown}
 t - a scroll of fog {unknown}
 x - a scroll of enchant armour {unknown}
Comestibles
 v - 5 chunks of flesh
 z - 2 rations


   Skills:
 - Level 3.6 Fighting
 + Level 4.9 Axes
 - Level 3.6 Armour
 - Level 3.6 Shields


You had 2 spell levels left.
You didn't know any spells.
Your spell library was empty.

Dungeon Overview and Level Annotations

Branches:
Dungeon (2/15)

Altars:
Trog


Innate Abilities, Weirdness & Mutations

You reflexively headbutt those who attack you in melee.
You have a pair of horns on your head.


Message History

* * * LOW HITPOINT WARNING * * *
You feel sick.
You are feeling hungry.
* * * LOW HITPOINT WARNING * * *
You feel sick.
It was a potion of cancellation.
You feel magically purged.
* * * LOW HITPOINT WARNING * * *
You feel sick. The adder barely misses you. The adder bites you.
* * * LOW HITPOINT WARNING * * *
It was a potion of resistance.
You feel protected.
* * * LOW HITPOINT WARNING * * *
You feel sick. The adder bites you.
* * * LOW HITPOINT WARNING * * *
You feel very mighty all of a sudden. The adder bites you but does no damage.
You miss the adder.
* * * LOW HITPOINT WARNING * * *
You feel sick. The adder bites you.
You die...

#......รท...#
#.###.###..# ## #.#
#.# #..# ##.
##.###+###..######..
#....+_###..........
#..###+###..######..
#..# #.# #..# ##.
.#######..###.###..#
##
.........S@........#
.#######.##.#...##.#
#.##...#.##.# #####
#.##..##.##.####....
###.##.##..........###
#.....................
#.#.##.##..##.###..##.
#.##.##..##.###..##.
#.##.##..#...##..###


You could see an adder.

Vanquished Creatures
  3 adders (D:2)
  A worm (D:2)
  A dart slug (D:2)
  A leopard gecko (D:2)
  2 giant cockroaches
  2 hobgoblins (D:1)
  2 jackals (D:2)
  2 bats
  3 frilled lizards
  3 goblins
  2 kobolds (D:2)
  A rat (D:1)
23 creatures vanquished.

Notes
Turn   | Place    | Note
-------+----------+-------------------------------------------
     0 | D:1      | AymanAU the Minotaur Fighter began the quest for the Orb.
     0 | D:1      | Reached XP level 1. HP: 19/19 MP: 0/0
   220 | D:1      | Reached skill level 3 in Axes
   524 | D:1      | Reached XP level 2. HP: 26/26 MP: 1/1
   787 | D:2      | Reached skill level 4 in Axes
   863 | D:2      | Reached XP level 3. HP: 23/31 MP: 2/2
  1294 | D:2      | Found a bloodstained altar of Trog.
  1361 | D:2      | HP: 4/31 [poisoned by an adder]
  1363 | D:2      | Slain by an adder

Vault maps used:
D:1:      lightli_arrival_lavapool, serial_forest, infiniplex_forest_straight_4,
          infiniplex_forest_clump_diagonal, infiniplex_forest_clump_small,
          infiniplex_forest_clump_double, grunt_decor_one_mirror,
          corexii_item_surrounded_by_moat
D:2:      lemuel_doored_altar, serial_glass, glass_columns_c, glass_columns_a

Skill      XL: |  1  2 |
---------------+-------+-----
Axes           | 3 4 |  4.9
Fighting       | |  3.6
Armour         | |  3.6
Shields        | |  3.6

Action                   || total
-------------------------++-------
Melee: War axe           ||    80
       Headbutt          ||     5
  Use: Potion            ||     3
  Eat: Chunk             ||     1
Armor: Scale mail        ||    39
Dodge: Dodged            ||    30
Block: Shield            ||    49

Table legend:
 A = Non-vault XP
 B = Vault XP
 C = Vault XP percentage of total XP
 D = Non-vault monster count
 E = Vault monster count
 F = Vault count percentage of total count
                 A         B        C        D         E       F
            +---------+---------+-------+---------+---------+-------
      Total |      75 |       0 |   0.0 |      23 |       0 |   0.0
            +---------+---------+-------+---------+---------+-------
        D:1 |      12 |       0 |   0.0 |       9 |       0 |   0.0
        D:2 |      63 |       0 |   0.0 |      14 |       0 |   0.0
            +---------+---------+-------+---------+---------+-------
